 Dungeon Crawl Stone Soup version 0.23.2-30-g0e89c35649 (webtiles) character file.

Game seed: 13574566775548988958

73068 troglodite the Peltast (level 15, 0/116 (117) HPs)
             Began as a Minotaur Fighter on June 13, 2019.
             Was the Champion of Hepliaklqana.
             Killed from afar by Asterion (49 damage)
             ... with an orb of electricity
             ... on level 1 of the Spider Nest on June 14, 2019.
             The game lasted 01:14:03 (23283 turns).

troglodite the Peltast (Minotaur Fighter)          Turns: 23283, Time: 01:14:03

HP:   0/116 (117)   AC: 31    Str: 24    XL:     15   Next: 2%
MP:   17/17         EV: 16    Int:  7    God:    Hepliaklqana [******]
Gold: 1862          SH: 20    Dex: 21    Spells: 13/18 levels left

rFire    + . .     SeeInvis +   T - +5 dagger of Vanity {pierce, rPois rN+ MR+ Str+3}
rCold    . . .     Gourm    .   p - +0 shield of Qugen {*Slow Int+2 Dex+5 Slay+2}
rNeg     + + +     Faith    .   I - +8 chain mail of Noivyinu {rF+ rN+ Regen+ Stlth+}
rPois    +         Spirit   .   (helmet restricted)
rElec    .         Reflect  +   R - +2 cloak {MR+}
rCorr    .         Harm     .   Y - +2 pair of gloves
MR       +++++                  a - +2 pair of boots
Stlth    ..........             v - amulet of Wolitroi {Reflect MR++ SH+4}
HPRegen  0.69/turn              e - ring of positive energy
MPRegen  0.15/turn              c - ring of see invisible

@: lethally poisoned (0 -> -1), studying 2 skills
A: retaliatory headbutt, reduced essence, horns 2
a: Recall Ancestor, Ancestor Identity, Transference, Idealise, Renounce Religion


You were on level 1 of the Spider Nest.
You worshipped Hepliaklqana.
Hepliaklqana was exalted by your worship.
You were not hungry.

You visited 4 branches of the dungeon, and saw 21 of its levels.

You collected 2504 gold pieces.
You spent 642 gold pieces at shops.

Inventory:

Hand Weapons
 u - the +3 spear of the Vestibule of Hell {vamp, Int+2}
   (You bought it in a shop on level 5 of the Dungeon)

   It inflicts no extra harm, but heals its wielder when it wounds a living foe.
   It affects your intelligence (+2).
 L - the +4 spear "Keretzau" {freeze, Dex+5}
   (You bought it in a shop on level 5 of the Dungeon)

   It has been specially enchanted to freeze those struck by it, causing extra
   injury to most foes and up to half again as much damage against particularly
   susceptible opponents.
   It can also slow down cold-blooded creatures.
   It affects your dexterity (+5).
 P - a +9 long sword of venom
 T - the +5 dagger of Vanity (weapon) {pierce, rPois rN+ MR+ Str+3}
   (You found it on level 10 of the Dungeon)

   It inflicts extra damage upon your enemies.
   It affects your strength (+3).
   It protects you from poison.
   It protects you from negative energy.
   It affects your resistance to hostile enchantments.
Armour
 a - a +2 pair of boots (worn)
 b - a +0 large shield
 p - the +0 shield of Qugen (worn) {*Slow Int+2 Dex+5 Slay+2}
   (You found it on level 6 of the Lair of Beasts)

   It affects your intelligence (+2).
   It affects your dexterity (+5).
   It affects your accuracy and damage with ranged weapons and melee attacks
   (+2).
   It may slow you when you take damage.
 I - the +8 chain mail of Noivyinu (worn) {rF+ rN+ Regen+ Stlth+}
   (You found it on level 10 of the Dungeon)

   It protects you from fire.
   It protects you from negative energy.
   It increases your rate of regeneration.
   It makes you more stealthy.
 R - a +2 cloak of magic resistance (worn)
 Y - a +2 pair of gloves (worn)
Jewellery
 c - a ring of see invisible (right hand)
 e - a ring of positive energy (left hand)
 m - an uncursed ring of wizardry
 v - the amulet of Wolitroi (around neck) {Reflect MR++ SH+4}
   (You found it on level 5 of the Dungeon)

   [amulet of reflection]

   It shields you and reflects attacks.
   It affects your resistance to hostile enchantments.
   It affects your SH (+4).
 A - a +2 ring of strength
 B - an uncursed ring of poison resistance
 D - an uncursed ring of ice
Wands
 r - a wand of disintegration (14)
 y - a wand of clouds (2)
 F - a wand of acid (10)
 H - a wand of iceblast (17)
 M - a wand of random effects (49)
 Q - a wand of polymorph (7)
 X - a wand of paralysis (11)
Scrolls
 g - 4 scrolls of fog
 h - 6 scrolls of amnesia
 i - 4 scrolls of magic mapping
 k - 15 scrolls of teleportation
 l - a scroll of blinking
 n - 3 scrolls of fear
 o - a scroll of enchant weapon
 t - 13 scrolls of remove curse
 C - a scroll of summoning
 G - a scroll of holy word
 W - a scroll of identify
 Z - a scroll of enchant armour
Potions
 d - 6 potions of might
 j - 9 potions of curing
 q - a potion of resistance
 s - 4 potions of heal wounds
 w - 5 potions of mutation
 x - 2 potions of haste
 z - 2 potions of magic
 E - a potion of agility
 N - 2 potions of flight
 O - a potion of cancellation
 U - 3 potions of invisibility
 V - a potion of lignification
Books
 J - a manual of Fighting
 K - a manual of Conjurations
Comestibles
 f - 21 rations
 S - 6 chunks of flesh


   Skills:
 * Level 11.3 Fighting
 + Level 7.8(10.4) Short Blades
 + Level 11.7(12.7) Long Blades
 + Level 7.3 Polearms
 * Level 12.5 Armour
 * Level 9.7 Dodging
 - Level 2.0 Stealth
 * Level 17.1 Shields
 - Level 2.0 Spellcasting
 * Level 8.0 Conjurations


You had 13 spell levels left.
You knew the following spells:

 Your Spells              Type           Power        Failure   Level  Hunger
a - Dazzling Spray        Conj/Hex       #.....       71%         3    ####...
b - Searing Ray           Conj           ##....       10%         2    ###....

Your spell library contained the following spells:

 Spells                   Type           Power        Failure   Level  Hunger
 Magic Dart               Conj           ##..         7%          1    ##.....
 Iskenderun's Mystic Bla  Conj           ##......     54%         4    #####..
 Conjure Flame            Conj/Fire      #.......     71%         3    ####...
 Confusing Touch          Hex            #.....       87%         1    ##.....
 Corona                   Hex            #......      87%         1    ##.....
 Mephitic Cloud           Conj/Pois/Air  #.......     87%         3    ####...
 Blink                    Tloc           N/A          95%         2    ###....
 Call Imp                 Summ           #.......     95%         2    ###....
 Ensorcelled Hibernation  Hex/Ice        #.....       95%         2    ###....
 Slow                     Hex            #.......     95%         2    ###....
 Song of Slaying          Chrm           #.......     95%         2    ###....
 Force Lance              Conj/Tloc      #.......     98%         4    #####..
 Fulminant Prism          Conj/Hex       #.........   98%         4    #####..
 Confuse                  Hex            #.......     99%         3    ####...
 Gell's Gravitas          Tloc           #.........   99%         3    ####...
 Portal Projectile        Hex/Tloc       #.....       99%         3    ####...
 Tukima's Dance           Hex            #.......     99%         3    ####...
 Ice Form                 Ice/Tmut       #.......     100%        4    #####..
 Petrify                  Tmut/Erth      #.......     100%        4    #####..
 Excruciating Wounds      Chrm/Necr      #.........   100%        5    ######.
 Metabolic Englaciation   Hex/Ice        #.........   100%        5    ######.
 Yara's Violent Unravell  Hex/Tmut       #.........   100%        5    ######.
 Bolt of Cold             Conj/Ice       #.........   100%        6    #######
 Freezing Cloud           Conj/Ice/Air   #.........   100%        6    #######
 Ozocubu's Refrigeration  Ice            #.........   100%        6    #######
 Simulacrum               Ice/Necr       #.........   100%        6    #######


Dungeon Overview and Level Annotations

Branches:
Dungeon (12/15)            Temple (0/1) D:5            Lair (6/6) D:10
 Shoals (0/4) Lair:4       Spider (1/4) Lair:2        Slime (0/5) Lair:5
    Orc (2/2) D:9             Elf (0/3) Orc:2

Altars:
Dithmenos
Fedhas
Gozag
Hepliaklqana
Makhleb
Nemelex Xobeh
Sif Muna
Uskayaw
Xom
Zin
The Shining One

Shops:
D:5 (   D:8 (   Orc:2 [=*[(

Annotations:
D:4 exclusion: oklob plant
Lair:3 3 runed translucent doors, Furaaq's ghost, journeyman MiFi
Spider:1 Asterion


Innate Abilities, Weirdness & Mutations

You reflexively headbutt those who attack you in melee.
You have a pair of horns on your head.
Your life essence is reduced to manifest your ancestor. (-10% HP)


Message History

You headbutt Asterion, but do no damage.
Asterion is lightly wounded.
Asterion unleashes a bloodcurdling roar.
Asterion barely misses you. You furiously retaliate!
You headbutt Asterion, but do no damage.
Asterion gores you but does no damage.
You hit Asterion but do no damage. You headbutt Asterion.
Asterion is lightly wounded.
You feel sick.
Unknown command.
Asterion blocks your attack. x2
Asterion is lightly wounded.
Asterion hits you with a +1 demon trident of flaming!
Asterion burns you. Asterion gores you but does no damage.
Unknown command.
You hit Asterion but do no damage.
Asterion is lightly wounded.
Asterion conjures a destructive force in the name of Makhleb!
The orb of electricity explodes!
The orb of electricity engulfs you!!!
You die...

.....#......#.........
###..................###
.##.....#.......#...##.#
.###............#..##.. ##
#.#...##...#....... ## #
##.....^..#..#.....# .. #
#...#...#.#.#..#.#.#.#.[.#
#..............#.......^#
##.....#...#..@.##.#.#..#
###.†.#..##...H..^.... #
#...^..>....#.#.#.....
#####..#.#.....^..#..$#.%.
###.#......†..#..#......##..
.#..........#....#.........#
......#......#...#........
........).#...........#.
..#.......^##.#.#..##.. .


You could see Asterion.

Vanquished Creatures
  Gastronok (D:12)
  A tengu reaver (D:11)
  An orc warlord (Orc:2)
  The ghost of diana the Bludgeoner, a journeyman GrFi of Okawaru (Orc:1)
  Snorg (Lair:5)
  2 catoblepae (Lair:6)
  3 hydras
  A death knight (D:11)
  11 death yaks
  2 centaur warriors
  3 two-headed ogres
  A deep troll shaman (Lair:6)
  2 orc high priests
  An unseen horror (D:10)
  A flayed ghost (D:11)
  A lindwurm (Lair:6)
  A wolf spider zombie (D:12)
  2 orb spiders (Spider:1)
  5 orc knights
  3 ugly things
  3 orc sorcerers (Orc:2)
  6 elephants
  A wolf spider (Spider:1)
  Maurice (D:9)
  Joseph (D:7)
  A manticore (Lair:4)
  Psyche (D:8)
  An eye of devastation (Lair:5)
  A centaur skeleton (D:11)
  2 black mambas
  5 spiny frogs
  3 rime drakes
  A freezing wraith (D:11)
  8 komodo dragons
  6 trolls
  2 polar bears
  3 jumping spiders (Spider:1)
  5 blink frogs
  3 hornets (Lair:3)
  A meliai zombie (D:11)
  9 hippogriffs
  12 spriggans
  3 redbacks (Spider:1)
  26 yaks
  2 wyverns
  A tarantella (Spider:1)
  A steam dragon (D:10)
  2 wargs
  4 water moccasins
  13 porcupines
  4 ice beasts
  19 orc warriors
  2 black bears
  2 eyes of draining
  2 phantoms
  A sky beast (D:12)
  5 necrophages
  3 boggarts (Lair:3)
  12 ogres
  17 wolves
  10 crocodiles
  3 centaurs
  A big kobold (D:9)
  15 bullfrogs
  2 wyvern skeletons
  4 scorpions
  A water moccasin skeleton (D:10)
  3 killer bees (D:8)
  3 wights (D:9)
  3 howler monkeys
  6 crimson imps
  4 bullfrog zombies
  5 hounds
  19 orc priests
  A quasit (D:6)
  2 jellies
  A bullfrog skeleton (D:6)
  33 orc wizards
  8 iguanas
  5 worker ants
  A killer bee zombie (D:4)
  A mummy (D:9)
  2 worker ant zombies
  4 gnolls
  6 adders
  3 shadow imps
  4 oozes
  5 adder skeletons
  3 worms
  8 leopard geckos
  63 orcs
  2 ball pythons
  6 bats
  3 giant cockroaches
  6 goblins
  13 hobgoblins
  6 jackals
  10 kobolds
  2 quokkas
  2 frilled lizards (D:2)
  A jackal skeleton (D:5)
  A quokka skeleton (D:6)
  7 rats
  A fungus (D:4)
  A plant (D:4)
529 creatures vanquished.

Vanquished Creatures (collateral kills)
  An entropy weaver (Spider:1)
  A hydra (Lair:6)
  2 two-headed ogres
  2 orc high priests (Orc:2)
  An orc sorcerer (Orc:2)
  A spiny frog (Lair:3)
  A komodo dragon (Lair:2)
  A troll (Orc:1)
  A blink frog (Lair:2)
  2 hippogriffs
  2 spriggans (Lair:3)
  4 yaks
  A basilisk (D:10)
  2 porcupines
  A black bear (Lair:3)
  2 ice beasts
  A sky beast (D:11)
  4 orc warriors (Orc:2)
  3 ogres
  2 wolves
  2 necrophages
  4 crocodiles
  A gnoll sergeant (D:9)
  A wyvern zombie (D:10)
  A bullfrog (D:8)
  2 scorpions
  A water moccasin skeleton (D:5)
  2 killer bees (D:8)
  A wight (D:9)
  An electric eel (Lair:5)
  A hound (D:11)
  2 orc priests (Orc:2)
  2 iguanas
  A worker ant (D:4)
  7 orc wizards
  4 gnolls
  2 adders
  2 leopard geckos
  22 orcs
  A giant cockroach (D:8)
  A hobgoblin (D:3)
  3 jackals
  A kobold (D:3)
  A quokka (D:8)
  A rat (D:3)
  3 fungi
  A plant (D:10)
106 creatures vanquished.

Vanquished Creatures (others)
  3 centaurs
  An orc priest (Orc:2)
  An ancestor (D:6)
  25 hexers
  A bush (D:10)
  7 fungi
  14 plants
52 creatures vanquished.

Grand Total: 687 creatures vanquished

Notes
Turn   | Place    | Note
-------+----------+-------------------------------------------
     0 | D:1      | troglodite the Minotaur Fighter began the quest for the
                  | Orb.
     0 | D:1      | Reached XP level 1. HP: 19/19 MP: 0/0
   101 | D:1      | Reached XP level 2. HP: 27/27 MP: 1/1
   309 | D:1      | Reached skill level 4 in Shields
   474 | D:1      | Reached XP level 3. HP: 33/33 MP: 2/2
   982 | D:2      | Reached skill level 1 in Dodging
  1192 | D:2      | Reached XP level 4. HP: 36/40 MP: 3/3
  1266 | D:2      | Found a hazy altar of Hepliaklqana.
  1316 | D:2      | Became a worshipper of Hepliaklqana the Forgotten
  1623 | D:3      | Reached XP level 5. HP: 41/41 MP: 4/4
  1658 | D:3      | Found a glowing silver altar of Zin.
  1743 | D:3      | Found a faded altar of an unknown god.
  2139 | D:3      | Found an opulent altar of Gozag.
  2625 | D:4      | Reached skill level 5 in Armour
  2666 | D:4      | Found a shimmering altar of Xom.
  2686 | D:4      | Reached * piety under Hepliaklqana
  2845 | D:4      | Found a blossoming altar of Fedhas.
  2856 | D:4      | Noticed an oklob plant
  3202 | D:4      | Noticed a phantom
  3230 | D:4      | Killed a phantom
  3230 | D:4      | Reached XP level 6. HP: 47/47 MP: 5/5
  3325 | D:4      | Reached skill level 5 in Shields
  3551 | D:4      | Found a deep blue altar of Sif Muna.
  3671 | D:4      | Reached skill level 5 in Long Blades
  3751 | D:5      | Entered Level 5 of the Dungeon
  3784 | D:5      | Reached XP level 7. HP: 54/54 MP: 6/6
  3807 | D:5      | Found a staircase to the Ecumenical Temple.
  3877 | D:5      | Got a glittering amethyst amulet
  3902 | D:5      | Identified the amulet of Wolitroi {Reflect MR++ SH+4} (You
                  | found it on level 5 of the Dungeon)
  3944 | D:5      | Reached ** piety under Hepliaklqana
  4079 | D:5      | Found Qopt's Antique Weapon Emporium.
  4088 | D:5      | Found a burning altar of Makhleb.
  4285 | D:5      | Bought an iridescent spear for 216 gold pieces
  4287 | D:5      | Identified the +3 spear of the Vestibule of Hell {vamp,
                  | Int+2} (You bought it in a shop on level 5 of the Dungeon)
  4411 | D:6      | Found a shimmering altar of Xom.
  4437 | D:6      | Reached skill level 6 in Shields
  4503 | D:6      | Reached skill level 5 in Fighting
  4521 | D:6      | Found a glowing golden altar of the Shining One.
  4627 | D:6      | Reached XP level 8. HP: 61/61 MP: 7/7
  4645 | D:6      | Reached skill level 1 in Polearms
  4894 | D:6      | Remembered your ancestor Psammuthes as a hexer
  4922 | D:6      | Found a hide-covered altar of Uskayaw.
  5130 | D:7      | Reached skill level 7 in Shields
  5615 | D:7      | Reached *** piety under Hepliaklqana
  5828 | D:7      | Noticed Joseph
  5843 | D:7      | Killed Joseph
  5843 | D:7      | Reached XP level 9. HP: 62/66 MP: 6/8
  6479 | D:8      | Reached skill level 5 in Dodging
  6788 | D:8      | Noticed a two-headed ogre
  6814 | D:8      | Killed a two-headed ogre
  6814 | D:8      | Reached skill level 1 in Stealth
  6814 | D:8      | Reached skill level 8 in Shields
  7053 | D:8      | Noticed a centaur warrior
  7063 | D:8      | Killed a centaur warrior
  7063 | D:8      | Reached skill level 5 in Polearms
  7063 | D:8      | Reached XP level 10. HP: 60/76 MP: 6/9
  7081 | D:8      | Learned a level 3 spell: Dazzling Spray
  7630 | D:8      | Reached skill level 9 in Shields
  7757 | D:8      | Noticed Psyche
  7766 | D:8      | Killed Psyche
  7766 | D:8      | Reached skill level 1 in Conjurations
  7797 | D:8      | Reached **** piety under Hepliaklqana
  7901 | D:8      | Found Aloghy's Antique Weapon Boutique.
  7962 | D:8      | Found a sparkling altar of Nemelex Xobeh.
  8256 | D:5      | Bought a crystal spear for 216 gold pieces
  8256 | D:5      | Identified the +4 spear "Keretzau" {freeze, Dex+5} (You
                  | bought it in a shop on level 5 of the Dungeon)
  8396 | D:9      | Found a staircase to the Orcish Mines.
  8604 | D:9      | Reached skill level 1 in Spellcasting
  8908 | D:9      | Noticed Maurice
  8918 | D:9      | Killed Maurice
  9347 | D:10     | Entered Level 10 of the Dungeon
  9450 | D:10     | Got an encrusted chain mail
  9461 | D:10     | Identified the +8 chain mail of Noivyinu {rF+ rN+ Regen+
                  | Stlth+} (You found it on level 10 of the Dungeon)
  9501 | D:10     | Found a staircase to the Lair.
  9538 | D:10     | Reached skill level 10 in Shields
  9538 | D:10     | Reached XP level 11. HP: 57/83 MP: 12/12
  9742 | D:10     | Got a shimmering dagger
  9743 | D:10     | Identified the +5 dagger of Vanity {pierce, rPois rN+ MR+
                  | Str+3} (You found it on level 10 of the Dungeon)
  9979 | D:10     | Reached ***** piety under Hepliaklqana
 10031 | D:10     | Noticed an unseen horror
 10047 | D:10     | Killed an unseen horror
 10154 | D:11     | Noticed a death knight
 10190 | D:11     | Killed a death knight
 10190 | D:11     | Reached skill level 1 in Short Blades
 10470 | D:11     | Reached skill level 10 in Armour
 10606 | D:11     | Noticed a two-headed ogre
 10617 | D:11     | Killed a two-headed ogre
 10617 | D:11     | Reached skill level 11 in Shields
 10631 | D:11     | Noticed a centaur warrior
 10637 | D:11     | Found a large runed translucent door.
 10638 | D:11     | Noticed a cyan ugly thing
 10642 | D:11     | Killed a centaur warrior
 10642 | D:11     | Noticed a red ugly thing
 10661 | D:11     | Killed a cyan ugly thing
 10668 | D:11     | Killed a red ugly thing
 10696 | D:11     | Found a large runed translucent door.
 10761 | D:11     | Found a deep blue altar of Sif Muna.
 10761 | D:11     | Noticed a tengu reaver
 10997 | D:11     | Noticed a flayed ghost
 11060 | D:11     | Killed a tengu reaver
 11060 | D:11     | Reached XP level 12. HP: 9/92 MP: 14/14
 11342 | D:11     | Found a shadowy altar of Dithmenos.
 11760 | Orc:1    | Entered Level 1 of the Orcish Mines
 11997 | Orc:1    | Reached skill level 12 in Shields
 12282 | Orc:2    | Entered Level 2 of the Orcish Mines
 12491 | Orc:2    | Found a staircase to the Elven Halls.
 12501 | Orc:2    | Noticed diana's ghost (journeyman GrFi)
 12502 | Orc:2    | Found a transporter.
 12502 | Orc:2    | Identified the +4 great mace of Woxyo {distort, +Rage rPois
                  | rF+}
 12502 | Orc:2    | Noticed a two-headed ogre
 12503 | Orc:2    | Noticed a two-headed ogre
 12503 | Orc:2    | Noticed a two-headed ogre
 12508 | Orc:2    | Found a transporter.
 12528 | Orc:2    | Reached skill level 5 in Conjurations
 12949 | Orc:2    | Reached skill level 10 in Long Blades
 13141 | Orc:2    | Found Abbearyxt's Antique Armour Emporium.
 13268 | Orc:2    | Reached skill level 13 in Shields
 13350 | Orc:2    | Killed a two-headed ogre
 13462 | Orc:1    | Killed a two-headed ogre
 13551 | Orc:1    | Killed diana's ghost
 13551 | Orc:1    | Reached skill level 5 in Short Blades
 13604 | Orc:2    | Killed a two-headed ogre
 13700 | Orc:2    | Noticed an orc high priest
 13778 | Orc:1    | Killed an orc high priest
 13913 | Orc:2    | Reached XP level 13. HP: 99/99 MP: 15/15
 14137 | Orc:2    | Noticed an orc warlord
 14263 | Orc:2    | Killed an orc warlord
 14341 | Orc:2    | Reached skill level 14 in Shields
 14522 | Orc:2    | Reached skill level 10 in Fighting
 14727 | Orc:2    | Found Lutewolu's General Store.
 14728 | Orc:2    | Found Vemofary's Jewellery Boutique.
 14731 | Orc:2    | Found Efaacade's Antique Armour Boutique.
 14731 | Orc:2    | Found Kaffyrown's Antique Weapon Shop.
 15231 | D:12     | Noticed Gastronok
 15254 | D:12     | Killed Gastronok
 15530 | Orc:2    | Bought a pair of runed gloves for 210 gold pieces
 15836 | Lair:1   | Entered Level 1 of the Lair of Beasts
 17126 | Lair:1   | Reached skill level 15 in Shields
 17692 | Lair:2   | Reached ****** piety under Hepliaklqana
 17785 | Lair:2   | Found a hole to the Spider Nest.
 18162 | Lair:2   | Reached XP level 14. HP: 108/108 MP: 16/16
 18553 | Lair:3   | Found a runed translucent gate.
 18553 | Lair:3   | Found a runed translucent gate.
 18553 | Lair:3   | Found a runed translucent gate.
 18555 | Lair:3   | Noticed Furaaq's ghost (journeyman MiFi)
 19622 | Lair:4   | Reached skill level 16 in Shields
 19668 | Lair:4   | You fall through a shaft for 2 floors!
 19668 | Lair:6   | Entered Level 6 of the Lair of Beasts
 20031 | Lair:5   | Noticed Snorg
 20043 | Lair:5   | Killed Snorg
 20278 | Lair:5   | Identified 2 scrolls of acquirement
 20511 | Lair:5   | Found a staircase to the Slime Pits.
 20548 | Lair:5   | Identified the Handbook of the Helpful Oath
 21104 | Lair:4   | Found a staircase to the Shoals.
 21556 | Lair:6   | Got a steaming shield
 21570 | Lair:6   | Identified the +0 shield of Qugen {*Slow Int+2 Dex+5
                  | Slay+2} (You found it on level 6 of the Lair of Beasts)
 22563 | Lair:6   | Reached skill level 17 in Shields
 22782 | Lair:6   | Learned a level 2 spell: Searing Ray
 22935 | Spider:1 | Entered Level 1 of the Spider Nest
 23023 | Spider:1 | Noticed an entropy weaver
 23067 | Spider:1 | Killed an entropy weaver
 23067 | Spider:1 | Reached XP level 15. HP: 98/116 MP: 17/17
 23248 | Spider:1 | Noticed Asterion
 23283 | Spider:1 | Killed from afar by Asterion

Skill      XL: |  1  2  3  4  5  6  7  8  9 10 11 12 13 14 |
---------------+-------------------------------------------+-----
Armour         | 4 5 6 7 8 9 10 11 12 | 12.5
Shields        | 4 5 6 7 8 10 11 13 15 17 | 17.1
Fighting       | 4 5 6 7 8 9 10 11 | 11.3
Dodging        | 1 2 3 4 5 6 7 8 9 |  9.7
Long Blades    | 3 4 5 6 7 8 9 10 11 | 11.7
Polearms       | 3 5 6 7 |  7.3
Stealth        | 1 2 |  2.0
Conjurations   | 2 4 5 6 8 |  8.0
Spellcasting   | 1 2 |  2.0
Short Blades   | 3 5 6 7 |  7.8

Action                   |  1- 3 |  4- 6 |  7- 9 | 10-12 | 13-15 || total
-------------------------+-------+-------+-------+-------+-------++-------
Melee: Long sword        |    92 |   166 |    26 |       |       ||   284
       Headbutt          |    11 |    41 |    59 |   295 |   544 ||   950
       Spear             |       |       |   278 |   346 |       ||   624
       Dagger            |       |       |       |   768 |  1579 ||  2347
 Cast: Searing Ray       |       |       |       |       |     1 ||     1
Invok: Ancestor Life: He |       |       |     1 |       |       ||     1
       Recall Ancestor   |       |       |       |       |     4 ||     4
  Use: Scroll            |       |       |       |    12 |    28 ||    40
 Stab: Distracted        |       |       |     2 |    18 |    12 ||    32
       Confused          |       |       |     2 |     4 |     9 ||    15
       Petrified         |       |       |       |       |     7 ||     7
  Eat: Chunk             |     1 |     8 |     8 |    19 |    23 ||    59
       Ration            |       |       |     2 |     2 |     2 ||     6
Armor: Chain mail        |    52 |    57 |    76 |   211 |   316 ||   712
Dodge: Dodged            |    19 |    33 |    46 |   180 |   225 ||   503
Block: Shield            |    47 |    70 |   167 |   205 |   206 ||   695
       Reflection        |       |       |     4 |    29 |     6 ||    39
       Large shield      |       |       |       |   694 |   999 ||  1693
       Rpst.: Long sword |     1 |    10 |     1 |       |       ||    12
